 Dungeon Crawl Stone Soup version 0.29.0-4-gdea44cf6ec (webtiles) character file.

Game seed: 16883729120045473762

64 qw the Chopper (level 4, -1/26 HPs)
             Began as a Tengu Warper on Aug 28, 2022.
             Was an Initiate of Okawaru.
             Slain by a gnoll
             ... wielding a +0 halberd
              (4 damage)
             ... on level 2 of the Dungeon.
             The game lasted 00:00:09 (2039 turns).

qw the Chopper (Tengu Warper)                       Turns: 2039, Time: 00:00:09

Health: -1/26      AC:  3    Str: 13    XL:     4   Next: 12%
Magic:  8/8        EV: 12    Int: 14    God:    Okawaru [......]
Gold:   97         SH:  0    Dex: 13    Spells: 7/7 levels left

rFire   . . .      SeeInvis .   Y - +0 hand axe
rCold   . . .      Faith    .   (no shield)
rNeg    . . .      Spirit   .   b - +0 leather armour
rPois   +          Reflect  .   (helmet restricted)
rElec   .          Harm     .   (no cloak)
rCorr   .          Rampage  .   (no gloves)
Will    .....                   (boots unavailable)
Stlth   +.........              (no amulet)
HPRegen 0.08/turn               i - ring of poison resistance
MPRegen 0.11/turn               (no ring)

@: no status effects
A: beak, talons 3
a: Renounce Religion


You were on level 2 of the Dungeon.
You worshipped Okawaru.
Okawaru was noncommittal.
You visited 1 branch of the dungeon, and saw 2 of its levels.

You collected 97 gold pieces.


Innate Abilities, Weirdness & Mutations

You have a beak for a mouth.
You have claws for feet.


   Skills:
 - Level 2.0 Fighting
 + Level 4.7 Axes
 - Level 1.0 Throwing
 - Level 1.1 Armour
 - Level 2.1 Dodging
 - Level 2.0 Spellcasting
 - Level 2.4 Translocations


You had 7 spell levels left.
You didn't know any spells.
Your spell library contained the following spells:

 Spells                   Type           Power      Damage    Failure   Level
 Blink                    Tloc           16%        N/A       17%         2
 Gell's Gravitas          Tloc           8%         N/A       34%         3
 Lesser Beckoning         Tloc           8%         N/A       34%         3
 Teleport Other           Tloc           8%         N/A       34%         3
 Manifold Assault         Tloc           8%         N/A       97%         5

Inventory:

Hand Weapons
 h - a +0 mace
 Y - a +0 hand axe (weapon)
Armour
 b - a +0 leather armour (worn)
 d - a +0 chain mail
 j - a +0 buckler
Jewellery
 i - a ring of poison resistance (left hand)
Scrolls
 a - a scroll of teleportation {unknown}
 c - 2 scrolls of butterflies {unknown}
 f - a scroll of identify {unknown}
Potions
 e - 2 potions of flight {unknown}
 g - a potion of lignification {unknown}
 k - 2 potions of degeneration {unknown}
 l - a potion of mutation {unknown}

Dungeon Overview and Level Annotations

Branches:
Dungeon (2/15)

Altars:
Okawaru


Message History

Okawaru accepts your kill.
You see here a wand of mindburst (7).
You see here a +0 rapier. 3 gnolls come into view.
The gnoll shouts!
A gnoll comes into view. It is wielding a +0 flail.
2031 ||| Stepping ~*~*~tactically~*~*~ (hiding).
The gnoll attacks as you move away! The gnoll hits you with a +0 flail.
You hit the gnoll. Your kick misses the gnoll.
The gnoll is lightly wounded.
The gnoll hits you with a +0 flail!
You barely miss the gnoll. You claw the gnoll. You peck the gnoll.
The gnoll is moderately wounded.
The gnoll hits you with a +0 flail.
You barely miss the gnoll. Your kick misses the gnoll.
The gnoll is moderately wounded.
You barely miss the gnoll.
The gnoll is moderately wounded.
You hit the gnoll. The gnoll barely misses you. The gnoll closely misses you.
You hit the gnoll. You claw the gnoll, but do no damage.
The gnoll is severely wounded.
You hit the gnoll. The gnoll hits you with a +0 flail.
The gnoll hits you but does no damage.
You hit the gnoll but do no damage. You claw the gnoll.
You kill the gnoll!
Okawaru accepts your kill.
You hit the gnoll.
You have reached level 4!
You feel clever.
You barely miss the gnoll. Your kick misses the gnoll.
You peck the gnoll, but do no damage.
The gnoll is severely wounded.
You hit the gnoll but do no damage. The gnoll hits you with a +0 club.
The gnoll barely misses you.
You hit the gnoll. You claw the gnoll.
You kill the gnoll!
Okawaru accepts your kill.
You hit the gnoll.
The gnoll hits you from afar with a +0 halberd.
You die...

#...... ###....## #
#.......### #.
#..........
#.#.......# #######
#..>....####
..g...g##
##>.........
#g###.##%.#.##.#
###)@#.# #..#.#
#####..)#..###..#.##
#......)...........#
#.......######.###.#
#.#.._..# #.# #.#
#.......# #.# #.#
#.......######.# #.#
#.#####........###.#
#.# ##########...#


You could see 2 gnolls.

Vanquished Creatures
  2 gnolls (D:2)
  2 adders (D:2)
  3 endoplasms (D:1)
  3 giant cockroaches
  2 goblins
  2 hobgoblins
  4 jackals (D:1)
  2 quokkas (D:2)
  3 ball pythons
  5 bats
  4 frilled lizards
  3 kobolds
  A rat (D:2)
36 creatures vanquished.

Vanquished Creatures (others)
  A plant (D:1)
1 creature vanquished.

Grand Total: 37 creatures vanquished

Notes
Turn   | Place    | Note
-------+----------+-------------------------------------------
     0 | D:1      | qw the Tengu Warper began the quest for the Orb.
     0 | D:1      | Reached XP level 1. HP: 12/12 MP: 4/4
     0 | D:1      | 0 ||| qw: Version: 0.1-a-89-g26bdef1
     0 | D:1      | 0 ||| qw: Game counter: 2056
     0 | D:1      | 0 ||| qw: Always use a shield: true
     0 | D:1      | 0 ||| qw: God list: Okawaru
     0 | D:1      | 0 ||| qw: Allow faded altars: false
     0 | D:1      | 0 ||| qw: Do Orc after D:15 true
     0 | D:1      | 0 ||| qw: Do second Lair branch before Depths: true
     0 | D:1      | 0 ||| qw: Lair rune preference: random
     0 | D:1      | 0 ||| qw: Plans: Normal
     0 | D:1      | 0 ||| PLANNING D:1-11
   137 | D:1      | 137 ||| Stepping ~*~*~tactically~*~*~ (stealth).
   139 | D:1      | 139 ||| Stepping ~*~*~tactically~*~*~ (stealth).
   143 | D:1      | 143 ||| Stepping ~*~*~tactically~*~*~ (stealth).
   148 | D:1      | 148 ||| Stepping ~*~*~tactically~*~*~ (stealth).
   212 | D:1      | Reached XP level 2. HP: 13/17 MP: 6/6
   214 | D:1      | Reached skill level 3 in Axes
   907 | D:1      | Found a faded altar of an unknown god.
  1467 | D:1      | 1467 ||| DROPPING amulet of faith.
  1468 | D:1      | 1468 ||| DROPPING ring of wizardry.
  1469 | D:1      | 1469 ||| UPGRADING to ring of poison resistance.
  1470 | D:1      | 1470 ||| READING scroll labelled XEPLAU AXIE.
  1471 | D:1      | 1471 ||| READING scroll labelled ODUECI JUANKO.
  1472 | D:1      | 1472 ||| READING scroll labelled MACWIU JOUGOD.
  1473 | D:1      | 1473 ||| DROPPING scroll of blinking.
  1558 | D:2      | Reached XP level 3. HP: 21/21 MP: 7/7
  1634 | D:2      | Reached skill level 4 in Axes
  1971 | D:2      | Found an iron altar of Okawaru.
  1985 | D:2      | Became a worshipper of Warmaster Okawaru
  2031 | D:2      | 2031 ||| Stepping ~*~*~tactically~*~*~ (hiding).
  2033 | D:2      | HP: 4/21 [gnoll/+0 flail (6)]
  2038 | D:2      | Reached XP level 4. HP: 5/26 MP: 8/8
  2038 | D:2      | HP: 3/26 [gnoll/+0 club (2)]
  2039 | D:2      | Slain by a gnoll

Levels and vault maps discovered:
D:1:      wheals_arrival_linesprint, layout_basic,
          shapermc_ecumenical_altar_petra
D:2:      layout_loops_ring, basic_altar, uniq_terence

Skill      XL: |  1  2  3 |
---------------+----------+-----
Axes           | 3 4 |  4.7
Fighting       | |  2.0
Throwing       | |  1.0
Armour         | |  1.1
Dodging        | |  2.1
Spellcasting   | |  2.0
Translocations | |  2.4

Action                   |  1- 3 |  4- 6 || total
-------------------------+-------+-------++-------
Melee: Hand axe          |   121 |     2 ||   123
       Kick              |    20 |     1 ||    21
       Peck              |     9 |     1 ||    10
       Punch             |     2 |       ||     2
Throw: Boomerang         |     7 |       ||     7
  Use: Scroll            |     3 |       ||     3
Armor: Leather armour    |    34 |       ||    34
Dodge: Dodged            |    77 |     1 ||    78

Table legend:
 A = Non-vault XP
 B = Vault XP
 C = Vault XP percentage of total XP
 D = Non-vault monster count
 E = Vault monster count
 F = Vault count percentage of total count
                 A         B        C        D         E       F
            +---------+---------+-------+---------+---------+-------
      Total |     105 |       0 |   0.0 |      36 |       0 |   0.0
            +---------+---------+-------+---------+---------+-------
        D:1 |      33 |       0 |   0.0 |      21 |       0 |   0.0
        D:2 |      72 |       0 |   0.0 |      15 |       0 |   0.0
            +---------+---------+-------+---------+---------+-------
